 Dungeon Crawl Stone Soup version 0.30-a0-691-g754fce4c43 (webtiles) character file.

Game seed: 6282617609589205838

95258 kae the Transmogrifier (level 15, -2/140 (149) HPs)
             Began as a Demonspawn Transmuter on Jan 19, 2023.
             Was a High Priest of Ru.
             Incinerated by a deep elf pyromancer (9 damage)
             ... with a sticky flame
             ... on level 1 of the Elven Halls.
             The game lasted 00:37:27 (28754 turns).

kae the Transmogrifier (Demonspawn Transmuter)     Turns: 28754, Time: 00:37:27

HP:   -2/140 (149)  AC: 32    Str: 16    XL:     15   Next: 65%
MP:   20/26         EV: 35    Int: 20    God:    Ru [*****.]
Gold: 1922          SH:  8    Dex: 25    Spells: 13/29 levels left

rFire   . . .      SeeInvis .      - Unarmed
rCold   . . .      Faith    .    (no shield)
rNeg    + . .      Spirit   .    (body armour currently unavailable)
rPois   ∞          Reflect  .    R - +2 hat
rElec   +          Harm     .    (no cloak)
rCorr   .          Rampage  .    (gloves currently unavailable)
Will    +++..                    (boots currently unavailable)
Stlth   +                        x - amulet of Irrepressible Laughter {Acrobat Dex+5}
HPRegen 0.43/turn                f - ring of Fragile Peace {Fly rElec Will+}
MPRegen 0.20/turn                k - ring "Eteroyrr" {Will+ AC+4 Str+3 Dex+7 Stlth-}

@: exhausted, on fire, statue-form, wereblooded, acrobatic, flying, glowing,
drained, unable to drink, very slow
A: slow and powerful, torment resistance 1, boosted hp, large bone plates 3,
inability to drink after injury 2, inability to use devices, hated by all,
inability to train armour, demonic magic 1, weakness stinger 2, no potion heal 1
a: End Transformation, Renounce Religion, Draw Out Power, Power Leap, Apocalypse


You were on level 1 of the Elven Halls.
You worshipped Ru.
Ru was extremely pleased with you.
You were a living statue of rough stone.
You visited 5 branches of the dungeon, and saw 24 of its levels.
You also visited: Sewer, Bailey and Ice Cave.

You collected 3266 gold pieces.
You spent 1344 gold pieces at shops.


Innate Abilities, Weirdness & Mutations

You are a living statue of rough stone.
Your actions are slow, but your melee attacks are powerful.
You are resistant to unholy torment.
Your maximum health is greatly increased.
You are immune to poison.
Your equipment is partially melded.
You are completely covered in large bone plates. (SH +8)
You sometimes lose the ability to drink potions when taking damage.
You cannot study or use magical devices.
You are hated by all.
You cannot train Armour skill.
Spells you cast may paralyse adjacent enemies.
You have a tail ending in a sharp stinger.
Potions are less effective at restoring your health.


   Skills:
 + Level 9.8 Fighting
 + Level 9.1 Dodging
 + Level 10.5 Unarmed Combat
 + Level 7.6 Spellcasting
 * Level 14.2 Transmutations
 - Level 6.0 Ice Magic
 * Level 12.5 Earth Magic
 - Level 1.5 Poison Magic


You had 13 spell levels left.
You knew the following spells:

 Your Spells              Type           Power      Damage    Failure   Level
a - Statue Form           Tmut/Erth      38%        N/A       5%          6
b - Wereblood             Tmut           59%        N/A       1%          2
c - Spider Form           Tmut/Pois      39%        N/A       1%          3
d - Ice Form              Ice/Tmut       48%        N/A       1%          4
e - Beastly Appendage     Tmut           100%       N/A       1%          1

Your spell library contained the following spells:

 Spells                   Type           Power      Damage    Failure   Level
 Sandblast                Erth           100%       2d20      1%          1
 Sting                    Tmut/Pois      100%       1d8       1%          1
 Passwall                 Tmut/Erth      47%        N/A       1%          2
 Stone Arrow              Conj/Erth      64%        3d11      1%          3
 Petrify                  Tmut/Erth      57%        N/A       1%          4
 Lee's Rapid Deconstruct  Erth           27%        3d15*     1%          5
 Ignite Poison            Fire/Tmut/Pois 28%        N/A       3%          3
 Leda's Liquefaction      Hex/Erth       16%        N/A       7%          4
 Hailstorm                Conj/Ice       19%        3d6       8%          3
 Foxfire                  Conj/Fire      28%        2x1d5     9%          1
 Necrotise                Necr           28%        1d5       9%          1
 Poisonous Vapours        Pois/Air       20%        N/A       10%         2
 Alistair's Intoxication  Tmut/Pois      26%        N/A       10%         5
 Mephitic Cloud           Conj/Pois/Air  9%         N/A       22%         3
 Gell's Gravitas          Tloc           7%         N/A       26%         3
 Vampiric Draining        Necr           7%         2d6       26%         3
 Vhi's Electric Charge    Tloc/Air       14%        N/A       26%         3
 Olgreb's Toxic Radiance  Pois           13%        N/A       43%         4
 Metabolic Englaciation   Hex/Ice        9%         N/A       56%         5
 Airstrike                Air            3%         2d(1-17)  65%         4
 Agony                    Necr           7%         N/A       94%         5
 Arcjolt                  Conj/Air       3%         1d13      94%         5
 Fireball                 Conj/Fire      3%         3d4       94%         5
 Lightning Bolt           Conj/Air       3%         1d15      94%         5
 Starburst                Conj/Fire      3%         6d3       100%        6
 Lehudib's Crystal Spear  Conj/Erth      16%        10d5      100%        8
 Maxwell's Capacitive Co  Air            3%         ∞         100%        8
 Animate Armour           Summ/Erth      Unusable   N/A       N/A         4
 Summon Lightning Spire   Summ/Air       Unusable   N/A       N/A         4
 Simulacrum               Ice/Necr       Unusable   N/A       N/A         6

Inventory:

Missiles
 c - 156 stones
 d - 29 poisoned darts
 n - a silver javelin
 u - 23 boomerangs
 H - 4 throwing nets {=f!f}
 I - 19 javelins
 L - 4 atropa-tipped darts
Armour
 a - a +1 robe
 p - a +2 robe of willpower (melded)
   (You found it on level 12 of the Dungeon)
 y - the +6 scale mail "Unadup" {rPois}
   (You found it in a bailey)

   rPois:     It protects you from poison.
 R - a +2 hat (worn)
   (You found it in an ice cave)
Magical Staves
 M - a staff of cold {!a}
   (You found it in an ice cave)
Jewellery
 e - a +5 ring of evasion
   (You found it on level 2 of the Lair of Beasts)
 f - the ring of Fragile Peace (left fist) {Fly rElec Will+}
   (You acquired it on level 11 of the Dungeon)

   [ring of willpower]

   rElec:     It insulates you from electricity.
   Fly:       It grants you flight.
   Will:      It increases your willpower.
 g - an amulet of regeneration
   (You found it on level 14 of the Dungeon)
 k - the ring "Eteroyrr" (right fist) {Will+ AC+4 Str+3 Dex+7 Stlth-}
   (You bought it in a shop on level 5 of the Dungeon)

   [ring of protection]

   AC:        It affects your AC (+4).
   Str:       It affects your strength (+3).
   Dex:       It affects your dexterity (+7).
   Will:      It increases your willpower.
   Stlth:     It makes you less stealthy.
 v - a ring of see invisible
   (You found it on level 2 of the Dungeon)
 w - a ring of magical power
   (You found it on level 12 of the Dungeon)
 x - the amulet of Irrepressible Laughter (around neck) {Acrobat Dex+5}
   (You found it in a bailey)

   [amulet of the acrobat]

   It increases your evasion while moving and waiting.
   Dex:       It affects your dexterity (+5).
 C - a ring of ice
   (You found it on level 12 of the Dungeon)
 E - a +5 ring of evasion
   (You found it on level 1 of the Dungeon)
 F - a ring of protection from fire
   (You found it on level 4 of the Lair of Beasts)
 N - a ring of positive energy
   (You found it on level 10 of the Dungeon)
 P - a ring of poison resistance
   (You found it on level 3 of the Lair of Beasts)
 S - a +6 ring of strength
   (You found it on level 7 of the Dungeon)
 W - a ring of magical power
   (You found it on level 1 of the Lair of Beasts)
Wands
 U - a wand of iceblast (6)
   (You found it on level 15 of the Dungeon)
Scrolls
 j - 4 scrolls of enchant weapon
 m - 10 scrolls of teleportation {@r4}
 D - 5 scrolls of enchant armour
 G - 3 scrolls of magic mapping {!r}
 K - a scroll of torment {!r}
 O - a scroll of blinking {!r}
 Q - 10 scrolls of vulnerability {!r!r}
 T - 2 scrolls of poison {!r}
 V - 4 scrolls of fog
 X - a scroll of identify {@r1}
Potions
 b - 9 potions of lignification {!q}
 h - 11 potions of curing {@q1}
 i - 8 potions of haste {@q3}
 l - 7 potions of mutation {!q}
 o - 5 potions of brilliance
 q - a potion of cancellation
 r - 3 potions of invisibility
 s - 4 potions of resistance
 t - 7 potions of heal wounds {@q2}
 z - a potion of ambrosia
 A - a potion of attraction {!q}
 B - 2 potions of flight
 J - 2 potions of might
 Z - a potion of berserk rage {!q}

Dungeon Overview and Level Annotations

Branches:
Dungeon (15/15) Zot: 25375  Temple (1/1) D:6 Zot: 5982    Lair (5/5) D:9 Zot: 21946
 Shoals (0/4) Lair:2        Snake (0/4) Lair:3        Slime (0/5) Lair:5
    Orc (2/2) D:12 Zot: 10214     Elf (1/3) Orc:2 Zot: 5540  Vaults (0/5) D:13
 Depths (0/4) D:15          Sewer (visited)          Bailey (visited)
  IceCv (visited)

Altars:
Ashenzari
Cheibriados
Dithmenos
Makhleb
Okawaru
Ru
Sif Muna
Trog
Wu Jian

Shops:
D:5 =   D:6 :   D:8 (   D:14 [   Orc:2 :*[(

Portals:
Hell: Lair:5
Trove: D:15 (give 12 potions of heal wounds)

#.# .# .........' #.#
.#......... #.# #
......#.. # #.# ..
#...#..e .# #.# ...
#§#.○.. .#########.#
...##..e°§#..##.)......#
...'...)#...###..#######
#°#E8).# #..##
#..))#####.## #)####
##..# ##)# ##..##
#..#####..## +#.......##
##.###### #.# ..#


You could see a deep elf pyromancer, a deep elf zephyrmancer (blind) and a fire
elemental (summoned, paralysed).


Message History

You block the fire elemental's attack. The fire elemental hits you.
The fire elemental burns you!
* * * LOW HITPOINT WARNING * * *
The fire elemental misses you. 😨 HP[-2]
You take 2 damage, and now have 58/137 hp.
Unknown command.
You punch the fire elemental!
You destroy the fire elemental!
The fire elemental disappears in a puff of smoke!
The fire elemental hits you. The fire elemental burns you!
* * * LOW HITPOINT WARNING * * *
The fire elemental barely misses you. You block the fire elemental's attack.
The fire elemental hits you. The fire elemental burns you!
* * * LOW HITPOINT WARNING * * *
The fire elemental barely misses you. The fire elemental hits you.
The fire elemental burns you!
* * * LOW HITPOINT WARNING * * *
😨 HP[-16]
You take 16 damage, and now have 42/137 hp.
You barely miss the deep elf pyromancer.
The fire elemental misses you. The fire elemental closely misses you.
The fire elemental hits you. The fire elemental burns you!
* * * LOW HITPOINT WARNING * * *
The deep elf pyromancer hits you but does no damage.
The fire elemental completely misses you. 😱 HP[-12]
You take 12 damage, and now have 30/137 hp.
You pummel the deep elf pyromancer!!
You howl as the wereblood boils in your veins!
The fire elemental misses you.
The fire elemental is stunned by your conviction and fails to attack.
The deep elf pyromancer begins to cast a spell, but is stunned by your conviction!
The deep elf pyromancer hits you with a +0 rapier.
* * * LOW HITPOINT WARNING * * *
You redirect the deep elf archer's attack!
You redirect the fire elemental's attack!
The fire elemental hits the fire elemental.
The fire elemental hits you. The fire elemental misses you. 😱 HP[-3]
You take 3 damage, and now have 27/137 hp.
You pummel the deep elf pyromancer like a punching bag!!!
You feel a bit better.
You kill the deep elf pyromancer!
The fire elemental disappears in a puff of smoke! x2
The fire elemental hits you. The fire elemental burns you!
* * * LOW HITPOINT WARNING * * *
You focus your inner power and paralyse the fire elemental in retribution!
The deep elf pyromancer completely misses you.
The fire elemental hits you. The fire elemental burns you!
* * * LOW HITPOINT WARNING * * *
The deep elf archer begins to cast a spell, but is stunned by your conviction!
You block the fire elemental's attack.
The deep elf pyromancer hits you with a +0 short sword.
* * * LOW HITPOINT WARNING * * *
You focus your inner power and illuminate the deep elf pyromancer in retribution! 😱 HP[-14]
You now have 139 max hp (+2).
You take 14 damage, and now have 13/139 hp.
You barely miss the deep elf pyromancer.
You punch the deep elf pyromancer.
You revert to your normal fleshy form.
Your +2 robe of willpower unmelds from your body.
You feel strong-willed. The fire elemental misses you.
The fire elemental closely misses you. x3
The deep elf pyromancer gestures wildly while chanting. 😱 HP[-3]
You now have 107 max hp (-32).
Unknown command.
You punch the deep elf pyromancer!
You feel a bit better.
You kill the deep elf pyromancer!
The fire elemental disappears in a puff of smoke! x3
You block the fire elemental's attack.
The deep elf pyromancer begins to cast a spell, but is stunned by your conviction! 😱 HP[+4]
You now have 108 max hp (+1).
You regained 4 hp, and now have 14/108 hp.
Unknown command.
Casting: Wereblood (safe; 1% risk of failure)
Confirm with . or Enter, or press ? or * to list all spells.
You turn into a living statue of rough stone.
Your +2 robe of willpower melds into your body.
You feel less strong-willed. Malevolent energies surge around you.
You redirect the deep elf archer's attack!
You block the fire elemental's attack.
The deep elf zephyrmancer casts a spell at you.
The bolt of lightning hits the fire elemental!
The fire elemental resists.
The fire elemental is destroyed!
The fire elemental disappears in a puff of smoke!
The bolt of lightning hits you! You resist.
* * * LOW HITPOINT WARNING * * *
You focus your inner power and blind something in retribution!
The deep elf pyromancer gestures at you while chanting.
The sticky flame hits you but does no damage.
You are covered in liquid flames!
You hear a shout!
You howl as the wereblood boils in your veins!
You are covered in liquid flames!
You die...

Skill      XL: |  1  2  3  4  5  6  7  8  9 10 11 12 13 14 15 |
---------------+----------------------------------------------+-----
Transmutations | 2 3 4 5 6 7 9 10 11 12 13 14 | 14.2
Unarmed Combat | 3 4 5 6 7 8 9 10 | 10.5
Poison Magic   | 1 |  1.5
Spellcasting   | 3 4 5 7 |  7.6
Ice Magic      | 2 3 5 6 |  6.0
Dodging        | 2 4 5 6 7 8 9 |  9.1
Earth Magic    | 3 5 7 9 10 11 12 | 12.5
Fighting       | 2 4 5 7 8 9 |  9.8

Action                   |  1- 3 |  4- 6 |  7- 9 | 10-12 | 13-15 || total
-------------------------+-------+-------+-------+-------+-------++-------
Melee: Unarmed           |   115 |   151 |   436 |   558 |  1092 ||  2352
       Kick              |    26 |    21 |       |       |       ||    47
       Tailslap          |     9 |     9 |     4 |    41 |   247 ||   310
       Headbutt          |    14 |     8 |       |       |       ||    22
       Punch             |     2 |     3 |       |    16 |   108 ||   129
 Cast: Beastly Appendage |    25 |    18 |       |     2 |       ||    45
       Spider Form       |       |    10 |     7 |       |       ||    17
       Ice Form          |       |     1 |    36 |    41 |     8 ||    86
       Wereblood         |       |       |    18 |    16 |    17 ||    51
       Statue Form       |       |       |       |    15 |   103 ||   118
Invok: Sacrifice Artific |       |       |     1 |       |       ||     1
       Sacrifice Drink   |       |       |     1 |       |       ||     1
       Draw Out Power    |       |       |       |     5 |     5 ||    10
       Reject Sacrifices |       |       |       |       |     1 ||     1
       Sacrifice Love    |       |       |       |       |     1 ||     1
       Sacrifice Durabil |       |       |       |       |     1 ||     1
 Abil: End Transformatio |       |       |       |     1 |     2 ||     3
Evoke: Wand              |       |       |     3 |       |       ||     3
  Use: Potion            |     1 |     1 |     8 |     2 |     1 ||    13
       Scroll            |     3 |     6 |    10 |     7 |     8 ||    34
 Stab: Paralysed         |       |     1 |     7 |     3 |     4 ||    15
       Distracted        |       |       |     2 |     1 |     6 ||     9
       Invisible         |       |       |     1 |       |     5 ||     6
       Sleeping          |       |       |       |     1 |       ||     1
Armor: Robe              |     6 |     4 |     2 |       |       ||    12
       Skin              |       |     3 |    89 |   175 |   504 ||   771
Dodge: Dodged            |    89 |   127 |   295 |   541 |  1695 ||  2747
Block: Other             |       |     6 |     5 |    53 |   568 ||   632

Levels and vault maps discovered:
D:1:      ebering_hopf_link, layout_loops_ring, bh_walls_and_bars
D:2:      layout_basic
D:3:      layout_basic, st_stairs_11
D:4:      layout_cave_pools
D:5:      layout_loops_ring, serial_shops, nicolae_lakefront_shop,
          lightli_church_of_beogh
D:6:      layout_cave_pools, general_overflow_altar,
          minmay_temple_entry_enclosed_plants, gup_sewer_entry_bowl,
          serial_shops, shop_statue, minmay_misc_feat_chi, uniq_edmund
D:7:      layout_cave_pools, kennysheep_another_room, minmay_checkerbox
D:8:      layout_basic, mainiacjoe_overflow_cross_hatched,
          nicolae_shop_firing_range
D:9:      layout_basic, david_lair_shrubbed, minmay_misc_feat_x, uniq_amaemon
D:10:     layout_loops_ring, gammafunk_temple_overflow_wave, enter_bailey_5,
          uniq_urug
D:11:     layout_rooms, hellmonk_ghost_happy_afterlife
D:12:     layout_roguey, orc_0_dummy
D:13:     layout_basic, erik_vaults_1
D:14:     layout_irregular_city, serial_column_ruins, column_ruins_hut,
          column_ruins_circle_medium, column_ruins_grid_3,
          column_ruins_corridor_straight, column_ruins_columns_straight,
          column_ruins_open_tiny, column_ruins_columns_straight,
          column_ruins_columns_straight, kennysheep_minor_cross, serial_shops,
          shop, minmay_diced_spiral
D:15:     grunt_enter_depths_snipers, layout_cave_pools,
          nicolae_elyvilon_temple_path, nicolae_trove_entry_path_of_doom,
          minmay_fractal_squares_gapless_7
Temple:   eino_narrow_crystal_temple
Lair:1:   layout_cave_pods, portal_ice_cave_entry_pillars_1,
          hangedman_tree_tricks, hibernation_bobbens, uniq_grum, uniq_nergalle
Lair:2:   layout_gridlike, elwin_shoals_entry_rocks
Lair:3:   layout_roguey, minmay_snake_entry_guardpost_small
Lair:4:   layout_gridlike, chequers_serial_rivers_room_a,
          chequers_serial_rivers_micro_e
Lair:5:   evil_forest, layout_misc_corridors, slime_entry_1,
          grunt_forest_small_clearings, lemuel_fruit_fields
Orc:1:    layout_caves
Orc:2:    grunt_orc_cross, layout_caves, nicolae_orc_lava_tube
Elf:1:    minmay_elf_arrival_summoners, layout_geoelf_octagon,
          minmay_elf_sorcery, st_stairs_3, uniq_louise

Notes
Turn   | Place    | Note
-------+----------+-------------------------------------------
     0 | D:1      | kae the Demonspawn Transmuter began the quest for the Orb.
     0 | D:1      | Reached XP level 1. HP: 15/15 MP: 3/3
     0 | D:1      | magus.rc [v1.11.3]
   140 | D:1      | Reached skill level 2 in Transmutations
   226 | D:1      | Gained mutation: You have a small tail. [demonic ancestry]
   226 | D:1      | Reached XP level 2. HP: 17/21 MP: 3/5
   402 | D:1      | Reached skill level 3 in Unarmed Combat
   584 | D:1      | Reached XP level 3. HP: 22/26 MP: 4/6
   587 | D:1      | Learned a level 2 spell: Wereblood
   591 | D:1      | Learned a level 3 spell: Spider Form
  1516 | D:2      | Gained mutation: You are partially covered in large bone
                  | plates. (SH +4) [demonic ancestry]
  1516 | D:2      | Reached XP level 4. HP: 32/32 MP: 5/7
  1612 | D:3      | Reached skill level 3 in Transmutations
  1698 | D:3      | You add the spells Vhi's Electric Charge, Arcjolt and
                  | Maxwell's Capacitive Coupling to your library.
  2573 | D:4      | Reached skill level 1 in Poison Magic
  2612 | D:3      | HP: 4/32 [gnoll bouda/+0 whip (9)]
  2695 | D:3      | Gained mutation: Spells you cast may paralyse adjacent
                  | enemies. [demonic ancestry]
  2695 | D:3      | Reached XP level 5. HP: 34/37 MP: 6/9
  2948 | D:4      | Reached skill level 3 in Spellcasting
  3061 | D:4      | Reached skill level 4 in Transmutations
  3061 | D:4      | Reached XP level 6. HP: 43/43 MP: 6/10
  3066 | D:4      | Learned a level 4 spell: Ice Form
  3260 | D:5      | Entered Level 5 of the Dungeon
  3490 | D:5      | Found a runed translucent door.
  3618 | D:5      | Reached skill level 1 in Ice Magic
  3619 | D:5      | HP: 10/43 [poisoned by a scorpion]
  3783 | D:5      | Noticed an ice beast
  3798 | D:5      | Killed an ice beast
  3799 | D:5      | Reached skill level 4 in Unarmed Combat
  3851 | D:5      | Noticed a water moccasin
  4050 | D:5      | Killed a water moccasin
  4051 | D:5      | Reached skill level 2 in Ice Magic
  4051 | D:5      | Reached XP level 7. HP: 36/48 MP: 6/12
  4174 | D:5      | Found Nuujoh's Jewellery Emporium.
  4313 | D:5      | You pick up a book of the Tundra and begin reading...
  4313 | D:5      | You add the spells Hailstorm and Simulacrum to your
                  | library.
  4668 | D:5      | Reached skill level 5 in Transmutations
  4825 | D:6      | Noticed Edmund
  4833 | D:6      | HP: 14/57 [Edmund/+1 flail of holy wrath (9)]
  4844 | D:5      | Killed Edmund
  4845 | D:5      | Reached skill level 3 in Ice Magic
  4858 | D:5      | Gained mutation: Your natural rate of healing is unusually
                  | fast. [potion of mutation]
  4858 | D:5      | Lost mutation: Your natural rate of healing is unusually
                  | fast. [potion of mutation]
  4869 | D:6      | Reached skill level 4 in Spellcasting
  4887 | D:6      | Reached XP level 8. HP: 18/54 MP: 11/14
  4946 | D:6      | Found a staircase to the Ecumenical Temple.
  4956 | Temple   | Entered the Ecumenical Temple
  4965 | Temple   | Became a worshipper of Ru the Awakened
  5036 | D:6      | Found Leunweaz's Book Shop.
  5096 | D:6      | Reached skill level 4 in Ice Magic
  5099 | D:6      | Reached skill level 6 in Transmutations
  5191 | D:6      | Found a glowing drain.
  5195 | Sewer    | Entered a sewer
  5574 | Sewer    | Reached skill level 5 in Unarmed Combat
  5586 | Sewer    | Gained mutation: You cannot study or use magical devices.
                  | [Ru sacrifice]
  5586 | Sewer    | Reached * piety under Ru
  5586 | Sewer    | Reached ** piety under Ru
  6234 | D:6      | You pick up a book of Fire and begin reading...
  6234 | D:6      | You add the spells Foxfire, Fireball and Starburst to your
                  | library.
  6420 | D:7      | Reached skill level 5 in Ice Magic
  6435 | D:7      | Gained mutation: You are mostly covered in large bone
                  | plates. (SH +6) [demonic ancestry]
  6435 | D:7      | Reached XP level 9. HP: 54/59 MP: 9/16
  6675 | D:7      | Reached skill level 5 in Spellcasting
  6784 | D:7      | HP: 15/66 [wight/+2 long sword (9)]
  6785 | D:7      | HP: 6/63 [wight/+2 long sword (8)]
  6932 | D:7      | Reached skill level 7 in Transmutations
  7320 | D:7      | You add the spells Sting, Poisonous Vapours and Olgreb's
                  | Toxic Radiance to your library.
  7409 | D:6      | Bought a book of the Earth for 396 gold pieces
  7409 | D:6      | You pick up a book of the Earth and begin reading...
  7409 | D:6      | You add the spells Leda's Liquefaction, Lee's Rapid
                  | Deconstruction and Statue Form to your library.
  7416 | D:6      | Learned a level 6 spell: Statue Form
  7591 | D:8      | Reached skill level 2 in Dodging
  7591 | D:8      | Reached skill level 1 in Earth Magic
  7791 | D:8      | Found Ykheadua's Firing Range.
  8050 | D:8      | Reached skill level 6 in Ice Magic
  8146 | D:8      | Reached skill level 2 in Earth Magic
  8147 | D:8      | Reached skill level 2 in Fighting
  8256 | D:8      | Found a snail-covered altar of Cheibriados.
  8725 | D:9      | Reached skill level 6 in Unarmed Combat
  8764 | D:9      | Reached skill level 3 in Earth Magic
  8798 | D:9      | Gained mutation: You occasionally lose the ability to drink
                  | potions when taking damage. [Ru sacrifice]
  8798 | D:9      | Gained mutation: You sometimes lose the ability to drink
                  | potions when taking damage. [Ru sacrifice]
  8798 | D:9      | Reached *** piety under Ru
  9037 | D:9      | Noticed a kobold demonologist
  9041 | D:9      | Reached XP level 10. HP: 64/68 MP: 15/17
  9062 | D:9      | Noticed an orange demon
  9068 | D:9      | Noticed a rust devil
  9072 | D:9      | Noticed a rust devil
  9208 | D:9      | Reached skill level 3 in Dodging
  9208 | D:9      | Reached skill level 8 in Transmutations
  9401 | D:9      | Reached skill level 3 in Fighting
  9485 | D:9      | Noticed Amaemon
  9485 | D:9      | Noticed an orange demon
  9491 | D:10     | Entered Level 10 of the Dungeon
  9493 | D:10     | Found an iron altar of Okawaru.
  9493 | D:10     | Found a burning altar of Makhleb.
  9512 | D:10     | Found a flagged portal.
  9536 | Bailey   | Entered a bailey
  9857 | Bailey   | Reached skill level 4 in Earth Magic
  9940 | Bailey   | Identified the +11 war axe of Lumith {heavy, rCorr Dex+4}
  9950 | Bailey   | HP: 21/84 [gnoll sergeant/the +11 war axe of Lumith {heavy,
                  | rCorr Dex+4} (14)]
 10294 | Bailey   | Noticed Grum
 10540 | Bailey   | Killed Grum
 10748 | Bailey   | Identified the +6 scale mail "Unadup" {rPois}
 10749 | Bailey   | Identified the amulet of Irrepressible Laughter {Acrobat
                  | Dex+5}
 10907 | D:10     | Noticed a gargoyle
 10916 | D:10     | Killed a gargoyle
 11108 | D:10     | You pick up a book of Necromancy and begin reading...
 11108 | D:10     | You add the spells Necrotise, Vampiric Draining and Agony
                  | to your library.
 11117 | D:10     | Noticed Urug
 11130 | D:10     | HP: 13/85 [Urug/+2 eveningstar of holy wrath (26)]
 11297 | D:9      | Reached skill level 4 in Fighting
 11420 | D:9      | Reached skill level 5 in Earth Magic
 11493 | D:9      | Killed Amaemon
 11494 | D:9      | Reached skill level 4 in Dodging
 11494 | D:9      | Reached skill level 9 in Transmutations
 11645 | D:9      | Killed an orange demon
 11874 | D:9      | Found a staircase to the Lair.
 12035 | D:10     | Gained mutation: You have a tail ending in a sharp stinger.
                  | [demonic ancestry]
 12035 | D:10     | Reached XP level 11. HP: 77/77 MP: 14/18
 12098 | D:9      | Gained mutation: Potions are less effective at restoring
                  | your health. [mutagenic glow]
 12221 | D:10     | HP: 23/100 [Urug/+2 eveningstar of holy wrath (10)]
 12223 | D:10     | HP: 5/100 [Urug/+2 eveningstar of holy wrath (8)]
 12225 | D:10     | Killed Urug
 12227 | D:10     | a +2 eveningstar of holy wrath {rare}; a +0 scale mail
 12832 | Lair:1   | Entered Level 1 of the Lair of Beasts
 12878 | Lair:1   | Found a frozen archway.
 12885 | IceCv    | Entered an ice cave
 13001 | IceCv    | Reached skill level 7 in Unarmed Combat
 13130 | IceCv    | Reached skill level 6 in Earth Magic
 13267 | IceCv    | Reached skill level 5 in Fighting
 13597 | IceCv    | Noticed a white ugly thing
 13609 | IceCv    | Killed a white ugly thing
 13610 | IceCv    | Reached skill level 5 in Dodging
 13676 | IceCv    | Reached skill level 10 in Transmutations
 13745 | IceCv    | Reached skill level 7 in Earth Magic
 13778 | IceCv    | Noticed a death yak
 13778 | IceCv    | Noticed a frost giant
 13778 | IceCv    | Noticed a death yak
 13785 | IceCv    | Killed a death yak
 13793 | IceCv    | Killed a death yak
 13797 | IceCv    | HP: 5/97 [frost giant/+0 battleaxe of freezing (36)]
 13797 | IceCv    | HP: 2/97 [frost giant/+0 battleaxe of freezing (3)]
 13803 | IceCv    | Killed a frost giant
 13804 | IceCv    | Reached XP level 12. HP: 10/87 MP: 12/19
 13806 | IceCv    | HP: 5/113 [wolf (6)]
 14062 | IceCv    | Identified the +4 shortbow of Defence {freeze, rElec Str-4
                  | Int+7}
 14531 | Lair:1   | Reached skill level 6 in Fighting
 14767 | Lair:1   | You pick up a book of Storms and begin reading...
 14767 | Lair:1   | You add the spells Airstrike, Summon Lightning Spire and
                  | Lightning Bolt to your library.
 14818 | Lair:1   | Noticed Nergalle
 14834 | Lair:1   | Killed Nergalle
 15002 | Lair:1   | Reached skill level 8 in Unarmed Combat
 15002 | Lair:1   | Reached skill level 8 in Earth Magic
 15642 | Lair:1   | Found a blossoming altar of Fedhas.
 15656 | Lair:1   | Reached skill level 6 in Dodging
 16249 | Lair:2   | Reached skill level 11 in Transmutations
 16407 | Lair:2   | Found a staircase to the Shoals.
 16599 | Lair:2   | Noticed a boulder beetle
 16625 | Lair:2   | Noticed a six-headed hydra
 16795 | Lair:2   | Killed a six-headed hydra
 16829 | Lair:2   | Reached skill level 7 in Fighting
 16842 | Lair:2   | Reached skill level 9 in Earth Magic
 17082 | Lair:2   | Killed a boulder beetle
 17155 | Lair:2   | Reached XP level 13. HP: 96/96 MP: 14/20
 17741 | Lair:3   | Found a staircase to the Snake Pit.
 18003 | Lair:3   | Identified the +0 robe of Mezcal {rF- Str+7}
 18345 | Lair:4   | You fall into a shaft and drop 1 floor!
 18345 | Lair:5   | Entered Level 5 of the Lair of Beasts
 18750 | Lair:4   | Reached skill level 7 in Dodging
 18841 | Lair:4   | You pick up a book of Sloth and begin reading...
 18841 | Lair:4   | You add the spells Petrify and Metabolic Englaciation to
                  | your library.
 18894 | Lair:4   | You add the spells Mephitic Cloud, Ignite Poison, Gell's
                  | Gravitas and Alistair's Intoxication to your library.
 18894 | Lair:4   | Got the Monograph on Planar Pollution
 18959 | Lair:4   | Reached skill level 12 in Transmutations
 19328 | Lair:4   | Identified the +0 chain mail of the Moon {rC+ Str-4 Dex+2}
 19395 | Lair:4   | Reached skill level 9 in Unarmed Combat
 19634 | Lair:5   | Reached skill level 10 in Earth Magic
 19669 | Lair:5   | HP: 31/127 [eight-headed hydra (3)]
 19672 | Lair:5   | HP: 14/127 [komodo dragon (12)]
 19938 | Lair:5   | Reached skill level 8 in Fighting
 19980 | Lair:5   | Found a staircase to the Slime Pits.
 20458 | Lair:4   | Gained mutation: You are completely covered in large bone
                  | plates. (SH +8) [demonic ancestry]
 20458 | Lair:4   | Reached XP level 14. HP: 94/105 MP: 17/22
 20552 | Lair:5   | Reached skill level 6 in Spellcasting
 20899 | Lair:5   | Identified the +5 chain mail of Akkeq {Harm rElec Regen+
                  | Str+7}
 20960 | Lair:5   | Found a burning altar of Makhleb.
 20994 | Lair:5   | HP: 33/137 [smoke demon/divine providence (14)]
 21517 | Lair:5   | Found a gateway to Hell.
 21524 | Lair:5   | Identified the +0 pair of boots of Tenacity {Stlth+}
 21831 | D:11     | You pick up a book of Geomancy and begin reading...
 21831 | D:11     | You add the spells Sandblast, Passwall and Stone Arrow to
                  | your library.
 22122 | D:11     | Found a runed translucent door.
 22123 | D:11     | Noticed kae's ghost (novice DsTm)
 22453 | D:11     | Killed kae's ghost
 22454 | D:11     | Reached skill level 11 in Earth Magic
 22477 | D:11     | Identified a scroll of acquirement
 22653 | D:5      | Bought the ring "Eteroyrr" {Will+ AC+4 Str+3 Dex+7 Stlth-}
                  | for 818 gold pieces
 22831 | D:12     | Reached skill level 13 in Transmutations
 22928 | D:12     | Reached skill level 8 in Dodging
 23135 | D:12     | Identified the +1 spear of Appimut {flame, rC+++ rN+}
 23334 | D:12     | Found a staircase to the Orcish Mines.
 23774 | D:13     | Found a gate to the Vaults.
 23979 | D:13     | Gained mutation: You are hated by all. [Ru sacrifice]
 23979 | D:13     | Reached **** piety under Ru
 24112 | D:13     | You pick up a book of Armaments and begin reading...
 24975 | D:14     | Reached skill level 9 in Fighting
 25091 | D:14     | Found Tufudon's Armour Shoppe.
 25483 | D:15     | Entered Level 15 of the Dungeon
 25598 | D:15     | Reached skill level 10 in Unarmed Combat
 25754 | D:15     | Noticed a frost giant
 25755 | D:15     | Found a staircase to the Depths.
 25766 | D:15     | Killed a frost giant
 25891 | D:15     | Reached skill level 7 in Spellcasting
 26013 | D:15     | Reached XP level 15. HP: 113/113 MP: 20/25
 26643 | D:15     | You pick up a book of the Earth and begin reading...
 26710 | D:15     | Found a portal to a secret trove of treasure.
 26725 | D:15     | This trove needs 12 potions of heal wounds to function.
                  | Give it the items?
 26876 | Orc:1    | Entered Level 1 of the Orcish Mines
 27055 | Orc:1    | Gained mutation: You cannot train Armour skill. [Ru
                  | sacrifice]
 27055 | Orc:1    | Reached ***** piety under Ru
 27116 | Orc:1    | Reached skill level 12 in Earth Magic
 27249 | Orc:2    | Entered Level 2 of the Orcish Mines
 27618 | Orc:2    | Reached skill level 14 in Transmutations
 27663 | Orc:2    | Found Gatz's Book Boutique.
 27857 | Orc:2    | Found a staircase to the Elven Halls.
 27902 | Orc:2    | Found Heyphiur's General Store.
 27908 | Orc:2    | Bought 2 potions of heal wounds for 130 gold pieces
 27933 | Orc:2    | Found Tomnoywi's Antique Armour Boutique.
 27975 | Orc:2    | Found Ynoe's Antique Weapon Boutique.
 28339 | D:12     | Acquired the ring of Fragile Peace {Fly rElec Will+}
 28399 | Elf:1    | Entered Level 1 of the Elven Halls
 28490 | Elf:1    | Reached skill level 9 in Dodging
 28693 | Elf:1    | Noticed a deep elf sorcerer
 28704 | Elf:1    | Killed a deep elf sorcerer
 28748 | Elf:1    | HP: 30/137 [fire elemental[a deep elf high priest] (12)]
 28750 | Elf:1    | HP: 13/137 [deep elf pyromancer/+0 short sword (2)]
 28754 | Elf:1    | Incinerated by a deep elf pyromancer

Vanquished Creatures
  2 frost giants
  A deep elf sorcerer (Elf:1)
  An orc warlord (Orc:2)
  A fire dragon (D:15)
  An ettin (Orc:1)
  A deep elf high priest (Elf:1)
  11 hydras
  A hell beast (Lair:5)
  A catoblepas (D:13)
  2 centaur warriors
  2 two-headed ogres
  4 boulder beetles
  3 dancing weapons
  3 tengu warriors
  7 death yaks
  An orc high priest (Orc:2)
  Urug (D:10)
  The ghost of kae the Transmogrifier, a novice DsTm of Ru (D:11)
  Amaemon (D:9)
  A deep elf knight (Elf:1)
  Nergalle (Lair:1)
  A skeletal warrior (D:14)
  A fire crab (Lair:5)
  5 orc knights
  14 deep elf pyromancers
  2 wizards
  2 oklob plants (Lair:1)
  A deep elf archer (Elf:1)
  5 deep elf zephyrmancers (Elf:1)
  A cyclops (D:14)
  4 orc sorcerers
  9 ugly things
  3 manticores
  An ice statue (IceCv)
  15 elephants
  6 black mambas
  A smoke demon (Lair:5)
  3 gargoyles
  A torpor snail (Lair:1)
  14 cane toads
  2 orange demons
  A freezing wraith (D:15)
  7 komodo dragons
  A kobold demonologist (D:9)
  7 rime drakes
  A tengu conjurer (D:15)
  2 guardian mummies (D:15)
  3 ice devils (Lair:5)
  A red devil (Lair:5)
  14 polar bears
  5 trolls
  2 hornets (D:10)
  A blink frog (shapeshifter) (D:13)
  A raiju (shapeshifter) (D:15)
  10 blink frogs
  5 slime creatures
  2 shadows
  3 wraiths
  2 water elementals
  53 yaks
  9 wyverns
  2 basilisks
  A steam dragon (D:7)
  4 vampire mosquitoes
  A hog (shapeshifter) (D:14)
  Grum (Bailey)
  2 wargs (Orc:2)
  2 nagas (Lair:3)
  Edmund (D:5)
  2 acid dragons (D:13)
  4 hell hounds (Lair:5)
  6 water moccasins
  An ice beast (D:5)
  A sky beast (D:7)
  31 orc warriors
  23 wolves
  4 black bears
  4 ogres
  A wolf (shapeshifter) (D:15)
  9 centaurs
  11 bullfrogs
  10 gnoll sergeants
  2 necrophages
  4 scorpions
  10 wights
  10 killer bees (D:8)
  5 howler monkeys
  5 electric eels
  3 hounds
  A jelly (D:7)
  16 orc priests
  5 iguanas
  6 gnoll boudas
  28 orc wizards
  26 gnolls
  7 river rats (Sewer)
  9 adders
  A shadow imp (D:8)
  2 white imps (D:7)
  2 ufetubi
  2 worms
  2 dart slugs
  90 orcs
  14 ball pythons
  7 endoplasms
  3 giant cockroaches
  15 goblins
  6 hobgoblins
  3 jackals (D:2)
  2 quokkas (D:1)
  3 training dummies (D:8)
  3 bats
  6 frilled lizards
  18 kobolds
  23 rats
728 creatures vanquished.

Vanquished Creatures (others)
  An ugly thing (D:14)
  2 deep elf zephyrmancers (Elf:1)
  A manticore (D:15)
  A komodo dragon (Lair:5)
  A troll (Orc:2)
  A yak (IceCv)
  An iguana (D:7)
  An orc wizard (Orc:2)
  An orc (Orc:2)
  A goblin (D:10)
  25 fungi
  48 plants
84 creatures vanquished.

Grand Total: 812 creatures vanquished

Table legend:
 A = Non-vault XP
 B = Vault XP
 C = Vault XP percentage of total XP
 D = Non-vault monster count
 E = Vault monster count
 F = Vault count percentage of total count
                 A         B        C        D         E       F
            +---------+---------+-------+---------+---------+-------
      Total |   81713 |   54371 |  40.0 |     464 |     268 |  36.6
            +---------+---------+-------+---------+---------+-------
        D:1 |      47 |       0 |   0.0 |      22 |       0 |   0.0
        D:2 |      50 |       0 |   0.0 |      21 |       0 |   0.0
        D:3 |      83 |       5 |   5.7 |      14 |       3 |  17.6
        D:4 |     230 |       0 |   0.0 |      14 |       0 |   0.0
        D:5 |     439 |     371 |  45.8 |      13 |      26 |  66.7
        D:6 |    1006 |       9 |   0.9 |      26 |       4 |  13.3
        D:7 |     947 |     132 |  12.2 |      18 |       4 |  18.2
        D:8 |    1448 |       6 |   0.4 |      28 |       3 |   9.7
        D:9 |    1750 |    1345 |  43.5 |      22 |       3 |  12.0
       D:10 |    1320 |     701 |  34.7 |       5 |       4 |  44.4
       D:11 |    3136 |     786 |  20.0 |      24 |       1 |   4.0
       D:12 |    4554 |       0 |   0.0 |      15 |       0 |   0.0
       D:13 |    4206 |    1654 |  28.2 |      21 |       2 |   8.7
       D:14 |    5642 |    1544 |  21.5 |      12 |       2 |  14.3
       D:15 |    9252 |    5900 |  38.9 |      23 |      11 |  32.4
     Lair:1 |    4202 |    2178 |  34.1 |      17 |       4 |  19.0
     Lair:2 |    9680 |       0 |   0.0 |      32 |       0 |   0.0
     Lair:3 |    2915 |     323 |  10.0 |      12 |       2 |  14.3
     Lair:4 |    9933 |       0 |   0.0 |      20 |       0 |   0.0
     Lair:5 |   11619 |    9392 |  44.7 |      37 |      26 |  41.3
      Orc:1 |    3519 |       0 |   0.0 |      34 |       0 |   0.0
      Orc:2 |    3303 |    7012 |  68.0 |      29 |      36 |  55.4
      Elf:1 |    2432 |    9531 |  79.7 |       5 |      17 |  77.3
      Sewer |       0 |     163 | 100.0 |       0 |      46 | 100.0
     Bailey |       0 |    1618 | 100.0 |       0 |      26 | 100.0
      IceCv |       0 |   11701 | 100.0 |       0 |      48 | 100.0
            +---------+---------+-------+---------+---------+-------

Illustrated notes

Table legend:
 A = Kills in this place as a percentage of kills in entire the game.
 B = Kills by you in this place as a percentage of kills by you in the entire game.
 C = Kills by friends in this place as a percentage of kills by friends in the entire game.
 D = Other kills in this place as a percentage of other kills in the entire game.
 E = Experience gained in this place as a percentage of experience gained in the entire game.
 F = Experience gained in this place divided by the number of levels of this place that you have seen.
                   A       B       C       D       E      F
               +-------+-------+-------+-------+-------+----------------------
         Total | 100.0 | 100.0 |   N/A | 100.0 | 100.0 | 5040.1
       Dungeon |  46.6 |  46.6 |   N/A |  50.0 |  34.2 | 3104.2
          Lair |  20.5 |  20.6 |   N/A |   0.0 |  36.9 | 10048.4
  Orcish Mines |  13.5 |  13.5 |   N/A |  25.0 |  10.2 | 6917.0
   Elven Halls |   3.0 |   2.9 |   N/A |  25.0 |   8.8 | 11963.0
         Sewer |   6.3 |   6.3 |   N/A |   0.0 |   0.1 | 163.0
        Bailey |   3.6 |   3.6 |   N/A |   0.0 |   1.2 | 1618.0
      Ice Cave |   6.6 |   6.6 |   N/A |   0.0 |   8.6 | 11701.0
               +-------+-------+-------+-------+-------+----------------------

Table legend: (Time is in decaauts)
 A = Elapsed time spent in this place.
 B = Non-inter-level travel time spent in this place.
 C = Inter-level travel time spent in this place.
 D = Time resting spent in this place.
 E = Time spent auto-exploring this place.
 F = Levels seen in this place.
 G = Mean time per level.
                   A        B        C        D        E       F      G
               +--------+--------+--------+--------+--------+-----+--------+
         Total |  30833 |  28994 |   1839 |   1464 |  21243 |  27 | 1142.0 |
       Dungeon |  16895 |  15744 |   1151 |    861 |  11747 |  15 | 1126.3 |
        Temple |     17 |     10 |      7 |      0 |      0 |   1 |   17.0 |
          Lair |   8053 |   7544 |    509 |    494 |   5638 |   5 | 1610.6 |
  Orcish Mines |   1785 |   1615 |    170 |      0 |   1172 |   2 |  892.5 |
   Elven Halls |    459 |    459 |      0 |      0 |    271 |   1 |  459.0 |
         Sewer |    688 |    688 |      0 |     29 |    455 |   1 |  688.0 |
        Bailey |   1307 |   1307 |      0 |     25 |    887 |   1 | 1307.0 |
      Ice Cave |   1625 |   1625 |      0 |     55 |   1072 |   1 | 1625.0 |
               +--------+--------+--------+--------+--------+-----+--------+

Top non-repeatable levels by time:
  Lair:5: 2158 daAuts
  Lair:1: 1898 daAuts
  Lair:4: 1740 daAuts
     D:5: 1628 daAuts
   IceCv: 1625 daAuts
     D:9: 1624 daAuts
    D:15: 1463 daAuts
     D:8: 1445 daAuts
  Lair:2: 1334 daAuts
  Bailey: 1307 daAuts
   Orc:2: 1247 daAuts
    D:14: 1238 daAuts
    D:13: 1165 daAuts
     D:7: 1129 daAuts
    D:10: 1104 daAuts
